 Dungeon Crawl Stone Soup version 0.29-a0-91-gdebf4667c2 (webtiles) character file.

Game seed: 14742703290716541051

201142 jlumianski the Apostle (level 18, -2/147 HPs)
             Began as a Hill Orc Fire Elementalist on Jan 29, 2022.
             Was a High Priest of Beogh.
             Hit by a silver javelin thrown by a merfolk javelineer (13 damage)
             ... on level 4 of the Shoals on Feb 8, 2022.
             The game lasted 06:48:35 (44742 turns).

jlumianski the Apostle (HOFE)                      Turns: 44742, Time: 06:48:36

Health: -2/147     AC: 17    Str: 19    XL:     18   Next: 4%
Magic:  26/32      EV: 11    Int: 15    God:    Beogh [*****.]
Gold:   497        SH:  9    Dex: 11    Spells: 10/37 levels left

rFire   + . .      SeeInvis +   Y - +8 long sword (freeze)
rCold   + . .      Faith    .   I - +0 kite shield {reflect}
rNeg    + + .      Spirit   .   m - +5 ring mail "Nolorimp" {Drain rPois rN+ Will+++ SInv}
rPois   +          Reflect  +   j - -2 hat of the Alchemist {rElec rPois rF+ rC+ rN+ Will+ rMut rCorr}
rElec   +          Harm     .   K - +1 cloak {rPois}
rCorr   +          Rampage  .   C - +2 pair of gloves
rMut    +                       J - +1 pair of boots
Will    +++++                   r - amulet of magic regeneration
Stlth   ++........              W - +4 ring of slaying
HPRegen 0.34/turn               d - +4 ring of slaying
MPRegen 0.63/turn

@: no status effects
A: walk on water
}: 2/15 runes: serpentine, barnacled
a: Renounce Religion, Smiting, Recall Orcish Followers, Give Item to Named
Follower


You were on level 4 of the Shoals.
You worshipped Beogh.
Beogh was extremely pleased with you.
You visited 6 branches of the dungeon, and saw 32 of its levels.
You also visited: Bailey.

You collected 3915 gold pieces.
You spent 3418 gold pieces at shops.

Inventory:

Hand Weapons
 s - a +3 scimitar of flaming
 U - a +2 long sword of holy wrath
 Y - a +8 long sword of freezing (weapon)
Missiles
 b - 2 javelins
 k - 3 silver boomerangs
 t - 7 atropa-tipped darts
 u - 7 boomerangs of dispersal
 z - 35 boomerangs (quivered)
 B - 2 silver javelins
 G - 6 throwing nets
Armour
 j - the -2 hat of the Alchemist (worn) {rElec rPois rF+ rC+ rN+ Will+ rMut rCorr}
   (You bought it in a shop on level 2 of the Snake Pit)

   rF:        It protects you from fire.
   rC:        It protects you from cold.
   rElec:     It insulates you from electricity.
   rPois:     It protects you from poison.
   rN:        It protects you from negative energy.
   rCorr:     It protects you from acid and corrosion.
   rMut:      It protects you from mutation.
   Will:      It increases your willpower.
 m - the +5 ring mail "Nolorimp" (worn) {Drain rPois rN+ Will+++ SInv}
   (You bought it in a shop on level 2 of the Snake Pit)

   rPois:     It protects you from poison.
   rN:        It protects you from negative energy.
   SInv:      It lets you see invisible.
   Drain:     It drains your maximum health when unequipped.
   Will:      It greatly increases your willpower.
 C - a +2 pair of gloves (worn)
 I - a +0 kite shield of reflection (worn)
 J - a +1 pair of boots (worn)
 K - a +1 cloak of poison resistance (worn)
 M - a +2 buckler of protection
Jewellery
 d - a +4 ring of slaying (right hand)
 r - an amulet of magic regeneration (around neck)
 E - an amulet of guardian spirit
 F - the ring of Kiochesu {rC+++ rN+ rCorr MP-9 Dex-5}
   (You found it on level 2 of the Lair of Beasts)

   [ring of positive energy]

   Dex:       It affects your dexterity (-5).
   rC:        It renders you almost immune to cold.
   rN:        It protects you from negative energy.
   MP:        It affects your magic capacity (-9).
   rCorr:     It protects you from acid and corrosion.
 Q - the ring "Fotaq" {Fire Dex+4}
   (You found it on level 7 of the Dungeon)

   [ring of fire]

   It enhances your fire magic.
   Dex:       It affects your dexterity (+4).
   rF:        It protects you from fire.
   rC:        It makes you vulnerable to cold.
 W - a +4 ring of slaying (left hand)
Wands
 a - a wand of iceblast (20)
 c - a wand of flame (10)
 i - a wand of digging (27)
 x - a wand of charming (5)
 y - a wand of acid (33)
Scrolls
 e - 2 scrolls of summoning
 l - 7 scrolls of teleportation
 o - a scroll of amnesia
 q - 8 scrolls of fear
 A - a scroll of holy word
 D - 2 scrolls of blinking
 L - 14 scrolls of identify
 N - 7 scrolls of magic mapping
 R - 2 scrolls of silence
 T - 6 scrolls of fog
Potions
 h - 5 potions of curing
 n - 6 potions of flight
 p - 4 potions of invisibility
 v - a potion of brilliance
 H - 5 potions of haste
 P - 4 potions of resistance
 V - 5 potions of might
 X - a potion of berserk rage
Miscellaneous
 f - a phial of floods
 g - a tin of tremorstones (2/2)


   Skills:
 + Level 9.7 Fighting
 + Level 2.9(6.8) Short Blades
 + Level 10.5(10.7) Long Blades
 + Level 2.1 Throwing
 + Level 7.1 Armour
 + Level 7.4 Dodging
 + Level 5.4 Stealth
 + Level 5.3 Shields
 + Level 10.1 Spellcasting
 + Level 5.5 Conjurations
 * Level 6.8 Hexes
 * Level 11.0 Summonings
 + Level 0.9 Translocations
 * Level 13.9 Fire Magic
 * Level 14.9 Invocations
 * Level 5.7 Evocations


You had 10 spell levels left.
You knew the following spells:

 Your Spells              Type           Power      Damage    Failure   Level
a - Foxfire               Conj/Fire      100%       2x1d9     1%          1
b - Scorch                Fire           98%        2d9       1%          2
c - Call Canine Familiar  Summ           40%        N/A       1%          3
d - Conjure Flame         Conj/Fire      36%        6-21      2%          3
e - Flame Wave            Conj/Fire      36%        2d9       8%          4
f - Tukima's Dance        Hex            28%        N/A       8%          3
g - Summon Forest         Summ/Tloc      12%        N/A       71%         5
h - Cause Fear            Hex            14%        N/A       26%         4
i - Blink                 Tloc           20%        N/A       41%         2

Your spell library contained the following spells:

 Spells                   Type           Power      Damage    Failure   Level
 Summon Small Mammal      Summ           100%       N/A       1%          1
 Inner Flame              Hex/Fire       38%        N/A       1%          3
 Magic Dart               Conj           96%        1d7       4%          1
 Searing Ray              Conj           48%        2d6       7%          2
 Portal Projectile        Hex/Tloc       38%        N/A       26%         3
 Apportation              Tloc           20%        N/A       30%         1
 Fulminant Prism          Conj/Hex       13%        3d9       34%         4
 Animate Skeleton         Necr           14%        N/A       41%         1
 Freeze                   Ice            28%        1d5       41%         1
 Pain                     Necr           28%        1d5       41%         1
 Anguish                  Hex/Necr       8%         N/A       71%         4
 Leda's Liquefaction      Hex/Erth       8%         N/A       71%         4
 Frozen Ramparts          Ice            14%        1d3       78%         3
 Ozocubu's Armour         Ice            7%         N/A       78%         3
 Hailstorm                Conj/Ice       15%        3d5       80%         4
 Metabolic Englaciation   Hex/Ice        8%         N/A       96%         5
 Ice Form                 Ice/Tmut       7%         N/A       99%         4
 Freezing Cloud           Conj/Ice/Air   6%         6-21      99%         5
 Summon Hydra             Summ           20%        N/A       99%         7
 Agony                    Necr           7%         N/A       100%        5
 Excruciating Wounds      Necr           3%         N/A       100%        5
 Manifold Assault         Tloc           10%        N/A       100%        5
 Eringya's Noxious Bog    Tmut/Pois      3%         N/A       100%        6
 Simulacrum               Ice/Necr       3%         N/A       100%        6
 Dragon Form              Tmut           3%         N/A       100%        7
 Enfeeble                 Hex            14%        N/A       100%        7
 Storm Form               Tmut/Air       3%         N/A       100%        7
 Ignition                 Fire           24%        3d8       100%        8
 Dragon's Call            Summ           20%        N/A       100%        9
 Polar Vortex             Ice            3%         N/A       100%        9


Dungeon Overview and Level Annotations

Branches:
Dungeon (15/15)            Temple (1/1) D:5            Lair (6/6) D:8
 Shoals (4/4) Lair:4        Snake (4/4) Lair:4        Slime (0/5) Lair:6
    Orc (2/2) D:10            Elf (0/3) Orc:2        Vaults (0/5) D:14
 Depths (0/4) D:15         Bailey (visited)

Altars:
Ashenzari
Cheibriados
Dithmenos
Elyvilon
Fedhas
Gozag
Hepliaklqana
Kikubaaqudgha
Makhleb
Nemelex Xobeh
Okawaru
Qazlal
Ru
Sif Muna
Trog
Uskayaw
Vehumet
Wu Jian
Xom
Yredelemnul
Zin
The Shining One
Beogh
Jiyva

Shops:
D:1 [   D:8 :   Orc:2 (!**   Shoals:3 (   Snake:1 (   Snake:2 [*(=
Snake:3 =:=[

Portals:
Trove: D:11 (show slimy rune of Zot)

Annotations:
D:6 1 runed translucent door, DrKleor's ghost, novice DsFi
Lair:6 1 runed translucent door
Shoals:3 3 runed translucent doors, Coargh's ghost, adept DjCj


Message History

You block the merfolk impaler's attack. The merfolk impaler barely misses you.
You slice the merfolk impaler!! You freeze the merfolk impaler.
The merfolk impaler is almost dead.
You feel very sick.
The merfolk impaler hits you with a +3 trident of venom!!
* * * LOW HITPOINT WARNING * * *
You are lethally poisoned!
You feel better. You block the merfolk impaler's attack.
The merfolk impaler hits you with a +3 trident of venom!
* * * LOW HITPOINT WARNING * * *
You are lethally poisoned!
You feel better. The merfolk impaler barely misses you.
The merfolk impaler hits you with a +3 trident of venom!
* * * LOW HITPOINT WARNING * * *
Aiming: Smiting
Press: ? - help, Dir - move target, f - merfolk impaler Smite: a merfolk impaler, wielding a +3 trident of venom and wearing a +0 leather armour (almost dead)
You smite the merfolk impaler!!
You kill the merfolk impaler!
Beogh accepts your kill.
The merfolk javelineer throws a silver javelin.
The silver javelin pierces through you but does no damage.
* * * LOW HITPOINT WARNING * * *
You feel much better.
The merfolk javelineer throws a silver javelin.
The silver javelin pierces through you.
* * * LOW HITPOINT WARNING * * *
x2 The merfolk javelineer throws a silver javelin.
The silver javelin pierces through you.
* * * LOW HITPOINT WARNING * * *
x2 The merfolk javelineer throws a silver javelin.
The silver javelin pierces through you!
* * * LOW HITPOINT WARNING * * *
x2
Things that are here:
a +1 vorpal spear; a +0 leather armour You slash the merfolk javelineer!
You freeze the merfolk javelineer.
The merfolk javelineer is moderately wounded.
The merfolk javelineer throws a silver javelin.
The silver javelin pierces through you!
You die...

≈≈≈≈≈≈≈≈≈..).............≈≈≈≈....
≈≈≈≈≈≈≈≈................≈≈oPP....
≈≈≈≈≈≈≈.................≈P≈PP....
≈≈≈≈≈≈..................≈o.P...#.
≈≈≈≈≈≈..#.............≈≈P.P.≈...#
≈≈≈≈≈≈................≈≈≈h.....##
≈≈≈≈≈≈≈≈..≈.......#####≈≈≈≈....#.
≈≈≈≈≈≈≈≈..≈.....m##...##≈≈≈....#≈
≈≈≈≈≈≈≈≈≈≈≈.....@#.....#≈≈≈....#≈
≈≈≈≈≈≈≈≈≈≈≈≈...).).....#≈≈≈....##
≈≈≈≈≈≈≈≈≈≈≈≈....)#.....#≈≈≈≈....#
≈≈≈≈≈≈≈≈≈≈.≈≈...†##...##≈≈≈≈≈≈...
)≈≈≈≈≈≈≈≈≈≈≈≈.....#####≈≈≈≈≈≈≈≈..
≈≈≈≈≈≈≈≈≈≈≈≈≈≈≈≈≈≈.≈≈≈≈≈≈≈≈≈≈≈≈..
≈≈≈≈≈≈≈≈≈≈≈≈≈≈≈≈≈≈≈≈≈≈≈≈≈≈≈≈≈≈≈..
≈≈≈≈≈≈≈≈≈.≈≈≈≈≈≈≈≈≈≈≈≈≈≈≈≈≈≈≈≈≈..
≈≈≈≈≈≈≈≈≈≈≈≈≈≈≈≈≈≈≈≈≈≈≈≈≈≈≈≈≈≈≈≈.


You could see a merfolk javelineer.

Vanquished Creatures
  5 merfolk impalers
  3 merfolk javelineers
  A great orb of eyes (D:15)
  A rakshasa (D:13)
  2 salamander tyrants (Snake:4)
  A vault guard (D:14)
  2 naga warriors
  6 hydras
  3 centaur warriors
  An ogre mage (D:15)
  Erolcha (D:8)
  A death knight (D:14)
  An anaconda (Snake:1)
  4 two-headed ogres
  2 merfolk avatars
  2 death yaks (Lair:4)
  5 shock serpents
  5 sea snakes
  A swamp dragon (Lair:6)
  A deep elf pyromancer (D:11)
  12 harpies
  A mana viper (Snake:1)
  4 cyclopes
  2 orc sorcerers (Orc:2)
  2 fauns
  8 manticores
  4 salamanders
  3 ugly things
  4 merfolk sirens
  Maurice (D:12)
  6 black mambas
  2 water nymphs (Shoals:3)
  2 gargoyles
  An elephant (Lair:6)
  2 cane toads
  2 komodo dragons
  A yaktaur (D:15)
  A kobold demonologist (D:9)
  A tengu conjurer (Shoals:4)
  2 trolls (D:12)
  8 merfolk
  2 wind drakes
  A hornet (D:9)
  8 slime creatures
  9 dream sheep
  4 snapping turtles
  A spriggan (Lair:5)
  3 wyverns
  13 yaks
  6 water elementals
  A centaur simulacrum (D:14)
  2 wraiths
  4 basilisks
  2 fire elementals
  4 hogs
  6 vampire mosquitoes
  4 nagas
  A steam dragon (D:8)
  4 acid dragons
  3 wargs
  9 water moccasins
  5 hell hounds
  A sky beast (D:5)
  A swamp drake (Lair:6)
  3 ice beasts
  10 orc warriors
  5 black bears
  2 necrophages (D:7)
  7 ogres
  8 centaurs
  9 wolves
  2 phantoms
  8 kobold brigands
  2 nameless horrors
  2 wyvern zombies
  5 bullfrogs
  2 gnoll sergeants
  3 scorpions
  2 water moccasin skeletons (D:6)
  7 killer bees
  9 wights
  6 electric eels
  6 howler monkeys
  3 jellies (D:7)
  Crazy Yiuf (D:3)
  A bullfrog zombie (D:6)
  7 orc priests
  3 centaur zombies
  4 hounds
  A bullfrog skeleton (D:5)
  A gnoll shaman (D:4)
  2 iguanas
  17 orc wizards
  A killer bee zombie (D:7)
  A mummy (D:12)
  Robin (D:2)
  8 gnolls
  A howler monkey skeleton (D:6)
  6 adders
  A shadow imp (D:5)
  A white imp (D:7)
  An ufetubus (D:6)
  3 worms
  36 orcs
  13 ball pythons
  7 bats
  5 endoplasms
  3 giant cockroaches
  16 goblins
  9 hobgoblins
  A jackal (D:2)
  25 kobolds
  5 quokkas
  5 frilled lizards
  11 rats
  A plant (Shoals:4)
510 creatures vanquished.

Vanquished Creatures (collateral kills)
  Vashnia (Snake:2)
  Saint Roka (Snake:4)
  Jorgrun (Snake:3)
  Asterion (Snake:2)
  Mlioglotl (Snake:1)
  Kirke (D:13)
  The ghost of Thraspic the Bludgeoner, an adept MiBe of Trog (Snake:3)
  2 nagarajas (Snake:4)
  Louise (Shoals:1)
  Azrael (Snake:2)
  2 merfolk impalers
  A fire dragon (Lair:6)
  3 vault guards
  5 hydras
  12 naga warriors
  4 boulder beetles
  A catoblepas (Lair:4)
  2 salamander tyrants (Snake:4)
  2 merfolk avatars
  2 centaur warriors
  The ghost of lordive the Covert, a journeyman SpEn of Okawaru (Lair:2)
  6 anacondas
  3 merfolk aquamancers (Shoals:4)
  2 alligator snapping turtles
  10 death yaks
  4 two-headed ogres (D:15)
  A death knight (D:15)
  A tengu warrior (Shoals:4)
  3 shock serpents
  Urug (Orc:2)
  13 naga sharpshooters
  A salamander mystic (Snake:3)
  2 skeletal warriors
  2 sea snakes (Shoals:4)
  A naga ritualist (Snake:1)
  A phantasmal warrior (D:15)
  3 deep elf pyromancers
  A faun (Shoals:2)
  An orc knight (Orc:1)
  7 orc sorcerers
  4 mana vipers
  17 ugly things
  3 cyclopes
  6 manticores
  12 elephants
  3 guardian serpents
  6 salamanders
  3 merfolk sirens (Shoals:4)
  13 naga magi
  15 black mambas
  A gargoyle (D:12)
  4 cane toads
  2 komodo dragons
  3 yaktaurs (D:15)
  3 rime drakes
  12 polar bears
  2 trolls (Orc:2)
  3 wind drakes
  9 merfolk
  A raiju (Lair:6)
  Prince Ribbit (Lair:1)
  A wind drake (shapeshifter) (D:15)
  15 blink frogs
  5 slime creatures (D:15)
  2 dream sheep (Shoals:2)
  4 snapping turtles
  A spriggan (Lair:5)
  2 wraiths
  A shadow (D:11)
  2 wyverns
  3 basilisks
  24 yaks
  4 fire elementals (Snake:2)
  A steam dragon (Lair:6)
  4 vampire mosquitoes (D:13)
  31 nagas
  7 wargs
  13 water moccasins
  13 hell hounds
  9 black bears
  15 orc warriors
  3 ogres
  23 wolves
  5 bullfrogs
  An electric eel (Lair:5)
  4 nameless horrors
  A wight (D:7)
  A howler monkey (D:12)
  2 orc priests
  6 hell rats (Lair:4)
  3 iguanas (Lair:6)
  5 orc wizards
  A white imp (D:7)
  13 orcs
  A kobold (D:11)
  A foxfire (Shoals:2)
  A fungus (Lair:3)
  2 plants
462 creatures vanquished.

Vanquished Creatures (others)
  3 orc warlords
  A naga ritualist (Snake:2)
  An orc knight (Snake:4)
  A mana viper (Snake:2)
  3 orc sorcerers
  11 orc warriors
  A water moccasin zombie (D:5)
  11 orc priests
  18 orc wizards
  An adder (D:6)
  46 orcs
  544 foxfires
  33 fungi
  185 plants
  2 withered plants (D:6)
861 creatures vanquished.

Grand Total: 1833 creatures vanquished

Notes
Turn   | Place    | Note
-------+----------+-------------------------------------------
     0 | D:1      | jlumianski the Hill Orc Fire Elementalist began the quest
                  | for the Orb.
     0 | D:1      | Reached XP level 1. HP: 14/14 MP: 3/3
     0 | D:1      | Upgraded the game from 0.29-a0-11-ga75d3d97ab to
                  | 0.29-a0-23-ga79f92ac9c
   563 | D:1      | Reached XP level 2. HP: 20/20 MP: 2/4
   610 | D:1      | Learned a level 2 spell: Scorch
  1044 | D:1      | Reached XP level 3. HP: 26/26 MP: 3/5
  1382 | D:1      | Found a faded altar of an unknown god.
  1468 | D:1      | Found Vicitoff's Armour Boutique.
  2321 | D:2      | Reached XP level 4. HP: 33/33 MP: 4/6
  2623 | D:2      | Found a sparkling altar of Nemelex Xobeh.
  3173 | D:3      | Noticed Robin
  3418 | D:2      | Killed Robin
  3419 | D:2      | Reached XP level 5. HP: 38/38 MP: 2/8
  3793 | D:3      | Found a runed translucent door.
  3794 | D:3      | Noticed Crazy Yiuf
  4460 | D:3      | Killed Crazy Yiuf
  4807 | D:4      | Identified the +6 chain mail "Oppoxoq" {-Tele Fly rCorr
                  | Dex+10}
  4898 | D:4      | Reached XP level 6. HP: 35/46 MP: 6/9
  4980 | D:4      | Got the Compendium of the Fiery Frostbite
  5004 | D:4      | You fall into a shaft and drop 2 floors!
  5023 | D:7      | Reached skill level 1 in Short Blades
  5167 | D:5      | Entered Level 5 of the Dungeon
  5514 | D:1      | Bought a +0 troll leather armour for 195 gold pieces
  5646 | D:4      | Reached skill level 1 in Armour
  5650 | D:4      | Reached skill level 1 in Fighting
  5650 | D:4      | Reached skill level 5 in Fire Magic
  5650 | D:4      | Reached XP level 7. HP: 29/52 MP: 2/11
  6016 | D:5      | Found a staircase to the Ecumenical Temple.
  6073 | Temple   | Entered the Ecumenical Temple
  6577 | D:5      | Became a worshipper of Beogh the Brigand
  7081 | D:6      | Reached XP level 8. HP: 59/59 MP: 6/13
  7377 | D:6      | Learned a level 3 spell: Call Canine Familiar
  7431 | D:6      | Found a runed translucent door.
  7432 | D:6      | Noticed DrKleor's ghost (novice DsFi)
  7700 | D:7      | Identified the ring "Fotaq" {Fire Dex+4}
  8054 | D:7      | Reached XP level 9. HP: 50/69 MP: 11/16
  8060 | D:7      | Reached skill level 1 in Throwing
  8064 | D:7      | Reached * piety under Beogh
  8179 | D:6      | Learned a level 3 spell: Conjure Flame
  8469 | D:7      | Reached skill level 5 in Spellcasting
  8547 | D:7      | Upgraded the game from 0.29-a0-23-ga79f92ac9c to
                  | 0.29-a0-72-g1732ff48e7
  8686 | D:6      | Reached skill level 1 in Invocations
  8928 | D:6      | Reached skill level 2 in Invocations
  9374 | D:7      | Identified the +3 trident of Saltpetre {freeze, Contam
                  | Will+ Int+4 SInv}
  9564 | D:7      | Reached skill level 3 in Invocations
  9664 | D:7      | Reached XP level 10. HP: 78/78 MP: 18/18
  9732 | D:7      | Reached ** piety under Beogh
  9920 | D:6      | Upgraded the game from 0.29-a0-72-g1732ff48e7 to
                  | 0.29-a0-82-g837932c90e
 10308 | D:8      | Noticed a centaur warrior
 10308 | D:8      | Noticed a glowing orange brain
 10309 | D:8      | Noticed a centaur warrior
 10309 | D:8      | Noticed a centaur warrior
 10322 | D:8      | Noticed a centaur warrior
 10331 | D:8      | Noticed a centaur warrior
 10331 | D:8      | Noticed a two-headed ogre
 10332 | D:8      | Noticed a death knight
 10332 | D:8      | Noticed a tengu warrior
 10342 | D:8      | Noticed a boulder beetle
 10353 | D:8      | Noticed a mana viper
 10439 | D:8      | Found a staircase to the Lair.
 10439 | D:8      | Found Vedgh's Book Shoppe.
 10450 | D:8      | Reached skill level 1 in Long Blades
 10541 | D:8      | Noticed a sea snake
 10640 | D:8      | Found a flagged portal.
 10682 | Bailey   | Entered a bailey
 10874 | Bailey   | Reached skill level 4 in Invocations
 11260 | Bailey   | Found a bloodstained altar of Trog.
 11683 | D:8      | Found a shimmering blue altar of Sif Muna.
 11848 | D:9      | Noticed a six-headed hydra
 11859 | D:9      | Killed a six-headed hydra
 11860 | D:9      | Reached skill level 5 in Invocations
 11957 | D:9      | Noticed Erolcha
 11996 | D:8      | Killed Erolcha
 11997 | D:8      | Reached skill level 1 in Summonings
 11997 | D:8      | Reached skill level 10 in Fire Magic
 11997 | D:8      | Reached XP level 11. HP: 72/85 MP: 7/21
 12263 | D:9      | Noticed a two-headed ogre
 12290 | D:9      | Killed a two-headed ogre
 12291 | D:9      | Reached skill level 6 in Invocations
 12739 | D:10     | Entered Level 10 of the Dungeon
 12862 | D:10     | Learned a level 4 spell: Flame Wave
 13109 | D:9      | Noticed a soul eater
 13260 | D:10     | Found a staircase to the Orcish Mines.
 13797 | D:11     | Found a portal to a secret trove of treasure.
 13899 | D:11     | Identified the +5 morningstar "Woarghon" {elec, Str+2}
 13938 | D:11     | Reached *** piety under Beogh
 13964 | D:11     | Noticed a two-headed ogre
 13970 | D:11     | Killed a two-headed ogre
 13971 | D:11     | Reached skill level 7 in Invocations
 14297 | D:11     | Reached skill level 5 in Fighting
 14873 | D:1      | Bought a +0 buckler of protection for 149 gold pieces
 15100 | D:12     | Noticed a deep elf pyromancer
 15157 | D:11     | Killed a deep elf pyromancer
 15169 | D:12     | Noticed a two-headed ogre
 15207 | D:12     | Noticed Maurice
 15346 | D:12     | Reached XP level 12. HP: 94/94 MP: 23/23
 15375 | D:12     | Killed Maurice
 15481 | D:12     | Killed a two-headed ogre
 15482 | D:12     | Reached skill level 5 in Long Blades
 15523 | D:12     | Found a snail-covered altar of Cheibriados.
 15553 | D:12     | Reached skill level 8 in Invocations
 16261 | D:13     | Reached **** piety under Beogh
 16456 | D:13     | Found a roughly hewn altar of Beogh.
 16552 | D:13     | Noticed a rakshasa
 16648 | D:12     | Reached skill level 5 in Summonings
 16673 | D:13     | Killed a rakshasa
 16676 | D:13     | Upgraded the game from 0.29-a0-82-g837932c90e to
                  | 0.29-a0-88-g03a7b78be7
 17093 | Orc:1    | Entered Level 1 of the Orcish Mines
 17113 | D:10     | Reached skill level 1 in Shields
 17267 | Orc:1    | Found a roughly hewn altar of Beogh.
 17413 | Orc:2    | Entered Level 2 of the Orcish Mines
 17514 | Orc:2    | Found a staircase to the Elven Halls.
 17800 | Orc:2    | Gained Bolgrim as an ally
 17808 | Orc:2    | Reached ***** piety under Beogh
 17810 | Orc:2    | Found a roughly hewn altar of Beogh.
 17881 | Orc:2    | Paralysed by an orc sorcerer for 5 turns
 17883 | Orc:2    | Reached skill level 9 in Invocations
 17889 | Orc:2    | Found Zeet's Distillery.
 17889 | Orc:2    | Found Ryr Xah's Antique Weapon Emporium.
 17896 | Orc:2    | Paralysed by an orc sorcerer for 6 turns
 17942 | Orc:2    | Bought a potion of berserk rage for 50 gold pieces
 17942 | Orc:2    | Bought a potion of heal wounds for 50 gold pieces
 17942 | Orc:2    | Bought a potion of heal wounds for 50 gold pieces
 18066 | Orc:2    | Reached XP level 13. HP: 102/102 MP: 25/25
 18223 | Orc:2    | Found Quhyz's General Store.
 18233 | Orc:2    | Gained Urtork as an ally
 18259 | Orc:2    | Found Zawuga's General Store.
 18261 | Orc:2    | Paralysed by an orc sorcerer for 5 turns
 18272 | Orc:2    | Bought a scroll of enchant weapon for 90 gold pieces
 18466 | Orc:1    | Noticed Urug
 18469 | Orc:1    | Reached skill level 5 in Dodging
 18550 | Orc:2    | Killed Urug
 18828 | Orc:2    | Bought a ring of see invisible for 225 gold pieces
 18924 | Lair:1   | Entered Level 1 of the Lair of Beasts
 19083 | D:14     | Noticed Kirke
 19088 | D:14     | Noticed a vault guard
 19131 | D:13     | Killed a vault guard
 19189 | D:14     | Noticed a sphinx
 19192 | D:13     | Killed Kirke
 19250 | D:14     | Noticed a vault guard
 19276 | D:13     | Killed a vault guard
 19339 | D:14     | Noticed a vault guard
 19358 | D:14     | Killed a vault guard
 19359 | D:14     | Reached skill level 10 in Invocations
 19718 | D:14     | Found a gate to the Vaults.
 20170 | D:14     | Noticed a vault guard
 20180 | D:14     | Killed a vault guard
 20475 | D:15     | Entered Level 15 of the Dungeon
 21288 | D:15     | Noticed a great orb of eyes
 21307 | D:15     | Killed a great orb of eyes
 21374 | D:15     | Reached skill level 11 in Invocations
 21376 | D:15     | Reached XP level 14. HP: 105/113 MP: 27/27
 21571 | D:15     | Your ally Bolgrim died
 21588 | D:15     | Reached skill level 5 in Armour
 21635 | D:15     | Your ally Urtork died
 22506 | D:15     | Found a staircase to the Depths.
 23011 | Lair:1   | Noticed Prince Ribbit
 23021 | Lair:1   | Killed Prince Ribbit
 23023 | Lair:1   | Gained Wargath as an ally
 23719 | Lair:1   | Learned a level 3 spell: Tukima's Dance
 23957 | Lair:2   | Found a runed translucent door.
 24047 | Lair:2   | Identified the ring of Kiochesu {rC+++ rN+ rCorr MP-9
                  | Dex-5}
 24074 | Lair:2   | Reached ****** piety under Beogh
 24124 | Lair:2   | Reached skill level 1 in Hexes
 24131 | Lair:2   | Gained Urtork as an ally
 24246 | Lair:2   | Noticed lordive's ghost (journeyman SpEn)
 24863 | Lair:2   | Killed lordive's ghost
 24878 | Lair:2   | Reached skill level 5 in Conjurations
 24878 | Lair:2   | Reached skill level 12 in Invocations
 24878 | Lair:2   | Reached skill level 1 in Evocations
 24878 | Lair:2   | Reached XP level 15. HP: 121/121 MP: 28/28
 26011 | Lair:4   | Reached skill level 5 in Stealth
 26209 | Lair:4   | Found a staircase to the Snake Pit.
 26415 | Lair:4   | Found a staircase to the Shoals.
 27009 | Lair:5   | Upgraded the game from 0.29-a0-88-g03a7b78be7 to
                  | 0.29-a0-90-gc37658a0fe
 27786 | Lair:6   | Entered Level 6 of the Lair of Beasts
 27948 | Lair:6   | Reached XP level 16. HP: 129/129 MP: 23/29
 27993 | Lair:6   | Reached skill level 13 in Invocations
 28071 | Lair:6   | Learned a level 5 spell: Summon Forest
 28983 | Lair:6   | Gained Wardok as an ally
 29516 | Lair:6   | Found a runed translucent door.
 29517 | Lair:6   | Found a viscous altar of Jiyva.
 29517 | Lair:6   | Found a staircase to the Slime Pits.
 29517 | Lair:6   | Noticed an acid blob
 29517 | Lair:6   | Noticed an acid blob
 29520 | Lair:6   | Noticed an acid blob
 29773 | Snake:1  | Entered Level 1 of the Snake Pit
 30826 | Snake:1  | Found Orovis's Antique Weapon Shoppe.
 31268 | Snake:2  | Noticed Mlioglotl
 31299 | Snake:1  | Killed Mlioglotl
 31432 | Snake:2  | Noticed Vashnia
 31597 | Snake:2  | Killed Vashnia
 31887 | Snake:2  | Noticed Azrael
 31898 | Snake:2  | Killed Azrael
 31980 | Snake:2  | Reached skill level 5 in Hexes
 31983 | Snake:2  | Reached skill level 14 in Invocations
 32243 | Snake:2  | Found Senlorof's Antique Armour Shoppe.
 32247 | Snake:2  | Found Suissuv's Weapon Emporium.
 32247 | Snake:2  | Found Leteamic's General Store.
 32251 | Snake:2  | Found Engiagor's Jewellery Emporium.
 32290 | Snake:2  | Bought a runed cloak for 240 gold pieces
 32328 | Snake:2  | Noticed Asterion
 32336 | Snake:2  | Killed Asterion
 32337 | Snake:2  | Reached skill level 10 in Long Blades
 32754 | Snake:2  | Bought a +4 ring of slaying for 1326 gold pieces
 32760 | Snake:2  | Bought the -2 hat of the Alchemist {rElec rPois rF+ rC+ rN+
                  | Will+ rMut rCorr} for 755 gold pieces
 32760 | Snake:2  | Found the -2 hat of the Alchemist {rElec rPois rF+ rC+ rN+
                  | Will+ rMut rCorr}
 33054 | Snake:2  | Bought a bloodstained ring mail for 288 gold pieces
 33054 | Snake:2  | Identified the +5 ring mail "Nolorimp" {Drain rPois rN+
                  | Will+++ SInv} (You bought it in a shop on level 2 of the
                  | Snake Pit)
 33097 | Snake:3  | Found Oduesk's Antique Armour Boutique.
 33120 | Snake:3  | Reached skill level 10 in Summonings
 33166 | Snake:3  | Noticed Jorgrun
 33170 | Snake:3  | Killed Jorgrun
 33551 | Snake:3  | Found a runed translucent door.
 33556 | Snake:3  | Noticed Thraspic's ghost (adept MiBe)
 33570 | Snake:3  | Killed Thraspic's ghost
 33787 | Snake:3  | Found Utresyaq's Jewellery Boutique.
 33787 | Snake:3  | Found Rideecs's Book Emporium.
 33788 | Snake:3  | Found Havyem's Jewellery Boutique.
 33795 | Snake:3  | Reached XP level 17. HP: 127/137 MP: 30/30
 33837 | Snake:4  | Entered Level 4 of the Snake Pit
 34184 | Snake:4  | Identified the +4 flail "Mugasari" {vorpal, rPois rN+}
 34767 | Snake:4  | Noticed Saint Roka
 34776 | Snake:4  | Killed Saint Roka
 34777 | Snake:4  | HP: 6/137 [orc warrior[Saint Roka] (9)]
 34777 | Snake:4  | HP: 1/137 [constriction (5)]
 35311 | Snake:4  | Your ally Wardok died
 36131 | Snake:4  | Got a serpentine rune of Zot
 36527 | Shoals:1 | Entered Level 1 of the Shoals
 36882 | Shoals:1 | Upgraded the game from 0.29-a0-90-gc37658a0fe to
                  | 0.29-a0-91-gdebf4667c2
 37400 | Shoals:1 | Noticed Louise
 37423 | Shoals:1 | Killed Louise
 37598 | Shoals:1 | Learned a level 4 spell: Cause Fear
 37841 | Shoals:2 | Reached skill level 10 in Spellcasting
 38315 | Shoals:2 | HP: 5/138 [merfolk impaler (2)]
 38844 | Shoals:2 | Reached skill level 5 in Evocations
 39190 | Shoals:2 | Learned a level 2 spell: Blink
 39417 | Shoals:2 | Identified the +7 chain mail of Objectivity {Slay+3}
 40872 | Shoals:3 | Found Ciqast's Antique Weapon Boutique.
 40891 | Shoals:3 | Reached skill level 5 in Shields
 41243 | Shoals:3 | Found a runed translucent gate.
 41243 | Shoals:3 | Found a runed translucent gate.
 41243 | Shoals:3 | Found a runed translucent gate.
 41244 | Shoals:3 | Noticed Coargh's ghost (adept DjCj)
 42393 | Shoals:4 | Entered Level 4 of the Shoals
 42960 | Shoals:4 | Identified the ring "Moebeqij" {+Blink rF- Will+ Str+5
                  | Int+6}
 43912 | Shoals:4 | HP: 4/139 [Urtork collision (22)]
 43926 | Shoals:4 | Reached XP level 18. HP: 10/147 MP: 26/32
 43946 | Shoals:4 | Your ally Urtork died
 43957 | Shoals:4 | Your ally Wargath died
 44711 | Shoals:4 | Got a barnacled rune of Zot
 44736 | Shoals:4 | HP: 7/147 [merfolk impaler (12)]
 44738 | Shoals:4 | HP: 3/147 [merfolk javelineer/silver javelin (1)]
 44742 | Shoals:4 | Hit by a silver javelin thrown by a merfolk javelineer

Illustrated notes

Levels and vault maps discovered:
D:1:      shiori_arrival_oz, layout_basic, serial_shops, shop,
          shapermc_ecumenical_altar_notcrosses, minmay_misc_feat_rugged,
          minmay_crystal_water
D:2:      minmay_chambers_of_ones, layout_rooms, basic_altar
D:3:      minmay_diamond_boxcup, layout_basic, uniq_crazy_yiuf_cottage,
          uniq_robin
D:4:      layout_cave_pods, kennysheep_small_circle
D:5:      layout_cave_pods, minmay_temple_entry_gardened_gates
D:6:      layout_rooms, serial_bayou, serial_bayou_crossing,
          serial_bayou_pond_b, serial_bayou_pond_e, serial_bayou_lake_a,
          gammafunk_ghost_grave, minmay_joined_circles
D:7:      layout_basic, serial_corexii_hall, corexii_hall_statues_s,
          chequers_hall_statues_y
D:8:      layout_rooms, tgw_sif, david_lair_generic, enter_bailey_2,
          serial_shops, nicolae_square_shop, minivault_12
D:9:      layout_rooms, uniq_erolcha
D:10:     layout_gridville, orc_0_dummy
D:11:     layout_loops_ring, nicolae_trove_entry_crossroad, chequers_arboretum
D:12:     layout_rooms, slow_altar_1, uniq_maurice
D:13:     layout_cave_pools, special_room [special_room_orc]
D:14:     layout_irregular_city, lightli_vaults_fourway_checkpoint, uniq_kirke
D:15:     gammafunk_enter_depths_forms, layout_basic, minmay_misc_feat_columns
Temple:   compressed_dpeg_triangle_lava_temple
Lair:1:   hellmonk_warped_wall, layout_cave_pods, uniq_prince_ribbit2
Lair:2:   layout_loops_ring, hellmonk_ghost_happy_afterlife
Lair:3:   layout_small_grid, wad_woods_road_03
Lair:4:   layout_long_grid, minmay_shoals_entry_beasts,
          minmay_snake_entry_six_corridors, nicolae_lair_yak_garden
Lair:5:   layout_loops_ring, nicolae_quartered_pool_little, forest_entry_grove
Lair:6:   guppyfry_lair_end_dragon, layout_long_grid,
          hangedman_lair_caniforms_friends, slime_altar_2
Shoals:1: layout_shoals, nicolae_shoals_arrival_archipelago, uniq_louise
Shoals:2: layout_shoals, nicolae_shoals_lost_giant_pillars, argonaut_gorgonesque
Shoals:3: layout_shoals, gammafunk_ghost_necromancy, serial_shops,
          nicolae_shop_waterfront
Shoals:4: shoals_end_simple, layout_shoals, kb_tengu_band
Snake:1:  layout_chambers, minmay_shop_star
Snake:2:  layout_rooms, serial_bayou_shore_b, lemuel_fruit_tree,
          minmay_shoptagon, uniq_vashnia, uniq_azrael, uniq_asterion,
          uniq_mlioglotl
Snake:3:  layout_onion_interference, serial_shops, nicolae_shop_window_shopping,
          ebering_ghost_reflecting_pool, minmay_shop_grove, uniq_jorgrun
Snake:4:  minmay_snake_end_coiled, layout_onion_interference, uniq_saint_roka
Orc:1:    nicolae_orc_accident_2, layout_caves, uniq_urug
Orc:2:    st_orc_town, layout_diamond_mine

Skill      XL: |  1  2  3  4  5  6  7  8  9 10 11 12 13 14 15 16 17 18 |
---------------+-------------------------------------------------------+-----
Conjurations   | 2 3 4 5 |  5.5
Spellcasting   | 2 3 4 5 6 7 8 9 10 | 10.1
Stealth        | 2 3 4 5 |  5.4
Fire Magic     | 4 5 7 8 10 11 12 13 | 13.9
Dodging        | 2 3 4 5 6 7 |  7.4
Short Blades   | 1 2 |  2.9
Armour         | 1 2 3 4 5 7 |  7.1
Fighting       | 1 3 4 5 6 7 8 9 |  9.7
Throwing       | 1 2 |  2.1
Invocations    | 3 5 7 9 11 12 14 | 14.9
Long Blades    | 2 4 6 7 8 9 10 | 10.5
Summonings     | 1 4 5 7 8 9 10 11 | 11.0
Shields        | 1 2 3 4 5 |  5.3
Hexes          | 2 3 5 6 |  6.8
Evocations     | 1 3 5 |  5.7
Translocations | |  0.9

Action                   |  1- 3 |  4- 6 |  7- 9 | 10-12 | 13-15 | 16-18 || total
-------------------------+-------+-------+-------+-------+-------+-------++-------
Melee: Unarmed           |     3 |       |       |       |     2 |       ||     5
       Dagger            |    18 |    58 |   136 |       |    14 |       ||   226
       Punch             |     1 |       |     2 |     5 |       |       ||     8
       Long sword        |       |       |     1 |   410 |   380 |   601 ||  1392
       Morningstar       |       |       |       |       |     1 |       ||     1
Throw: Boomerang         |       |       |     6 |    10 |     3 |     3 ||    22
       Dart              |       |       |       |       |       |     1 ||     1
 Cast: Foxfire           |    41 |    45 |    67 |    82 |    19 |    47 ||   301
       Scorch            |     1 |    28 |    78 |   125 |    61 |    65 ||   358
       Call Canine Famil |       |       |     2 |    45 |    10 |    26 ||    83
       Conjure Flame     |       |       |       |    11 |       |     1 ||    12
       Flame Wave        |       |       |       |    16 |     4 |     9 ||    29
       Summon Forest     |       |       |       |       |       |     3 ||     3
Invok: Convert to Beogh  |       |       |     1 |       |       |       ||     1
       Smiting           |       |       |       |     6 |     2 |    26 ||    34
       Recall Orcish Fol |       |       |       |     5 |    21 |    35 ||    61
       Give Item to Name |       |       |       |     1 |     1 |     2 ||     4
Evoke: Wand              |       |       |       |     3 |     1 |     6 ||    10
       Phial of floods   |       |       |       |       |       |     3 ||     3
  Use: Scroll            |     3 |     6 |     4 |    12 |     5 |     7 ||    37
       Potion            |       |     3 |     2 |     3 |     2 |     9 ||    19
 Stab: Sleeping          |     1 |     8 |       |     4 |     5 |     2 ||    20
       Distracted        |       |       |       |     5 |     8 |     9 ||    22
       Confused          |       |       |       |     1 |       |       ||     1
       Paralysed         |       |       |       |       |     3 |       ||     3
Armor: Robe              |     4 |    19 |       |       |       |       ||    23
       Leather armour    |       |     6 |       |       |       |       ||     6
       Troll leather arm |       |     2 |    64 |   226 |   211 |   131 ||   634
       Skin              |       |       |       |    20 |       |       ||    20
       Ring mail         |       |       |       |       |       |   172 ||   172
Dodge: Dodged            |    20 |    59 |   158 |   414 |   346 |   410 ||  1407
Block: Buckler           |       |       |       |    77 |   148 |   254 ||   479
       Kite shield       |       |       |       |       |       |    27 ||    27

Table legend: (Time is in decaauts)
 A = Elapsed time spent in this place.
 B = Non-inter-level travel time spent in this place.
 C = Inter-level travel time spent in this place.
 D = Time resting spent in this place.
 E = Time spent auto-exploring this place.
 F = Levels seen in this place.
 G = Mean time per level.
                   A        B        C        D        E       F      G
               +--------+--------+--------+--------+--------+-----+--------+
         Total |  45046 |  42121 |   2925 |   8436 |  18666 |  33 | 1365.0 |
       Dungeon |  20730 |  19406 |   1324 |   2960 |   9408 |  15 | 1382.0 |
        Temple |    123 |    123 |      0 |      0 |      0 |   1 |  123.0 |
          Lair |   7377 |   6369 |   1008 |    330 |   3992 |   6 | 1229.5 |
        Shoals |   8038 |   7855 |    183 |   3050 |   2428 |   4 | 2009.5 |
     Snake Pit |   6301 |   5966 |    335 |   1811 |   1996 |   4 | 1575.2 |
  Orcish Mines |   1791 |   1719 |     72 |     59 |    842 |   2 |  895.5 |
        Bailey |    683 |    683 |      0 |    226 |      0 |   1 |  683.0 |
               +--------+--------+--------+--------+--------+-----+--------+

Top non-repeatable levels by time:
Shoals:3: 2551 daAuts
Shoals:4: 2331 daAuts
     D:1: 2048 daAuts
    D:15: 2011 daAuts
 Snake:1: 1949 daAuts
Shoals:2: 1822 daAuts
     D:6: 1806 daAuts
 Snake:4: 1740 daAuts
     D:7: 1608 daAuts
 Snake:3: 1537 daAuts
    D:14: 1496 daAuts
     D:3: 1474 daAuts
  Lair:3: 1348 daAuts
  Lair:6: 1343 daAuts
Shoals:1: 1333 daAuts
